 Dungeon Crawl Stone Soup version 0.26-a0-639-g72c4674329 (webtiles) character file.

Game seed: 18176583533534950835

173 MrRokkomies the Sneak (level 5, 0/69 HPs)
             Began as a Demigod Delver on Sept 16, 2020.
             Succumbed to an adder's poison
             ... on level 2 of the Dungeon.
             The game lasted 00:04:18 (2318 turns).

MrRokkomies the Sneak (Demigod Delver)              Turns: 2318, Time: 00:04:19

Health: 0/69       AC:  5    Str: 17    XL:     5   Next: 6%
Magic:  7/7        EV: 15    Int: 17    God:
Gold:   120        SH:  0    Dex: 17    Spells: 4/4 levels left

rFire    + . .     SeeInvis .   a - +0 falchion
rCold    . . .     Faith    .   (no shield)
rNeg     . . .     Spirit   .   b - +0 leather armour
rPois    .         Reflect  .   (helmet restricted)
rElec    .         Harm     .   (no cloak)
rCorr    +         Rampage  .   m - +0 pair of gloves
MR       .....                  h - +0 pair of boots of Satisfaction {rCorr Int+3}
Stlth    ..........             (no amulet)
HPRegen  0.21/turn              o - ring of protection from fire
MPRegen  0.10/turn              (no ring)

@: berserking, lethally poisoned (0 -> -5), stab, very quick
A: horns 1, talons 1, repulsion field 1, high mp 1
a: no special abilities


You were on level 2 of the Dungeon.
You visited 1 branch of the dungeon, and saw 5 of its levels.

You collected 120 gold pieces.

Inventory:

Hand Weapons
 a - a +0 falchion (weapon)
Missiles
 j - 3 boomerangs (quivered)
Armour
 b - a +0 leather armour (worn)
 h - the +0 pair of boots of Satisfaction (worn) {rCorr Int+3}
   (You found it on level 4 of the Dungeon)

   It affects your intelligence (+3).
   It provides partial protection from all sources of acid and corrosion.
 m - a +0 pair of gloves (worn)
Jewellery
 o - a ring of protection from fire (left hand)
Wands
 g - a wand of digging (3)
Scrolls
 c - 2 scrolls of fog
 d - 2 scrolls of magic mapping
 i - 4 scrolls of identify {unknown}
 l - a scroll of noise {unknown}
 n - a scroll of amnesia {unknown}
 q - a scroll of fear
Potions
 e - a potion of mutation
 f - a potion of haste


   Skills:
 * Level 4.0 Fighting
 * Level 3.4 Long Blades
 + Level 2.7 Dodging
 - Level 4.5 Stealth


You had 4 spell levels left.
You didn't know any spells.
Your spell library was empty.

Dungeon Overview and Level Annotations

Branches:
Dungeon (5/15)
 Temple: D:4-7


Innate Abilities, Weirdness & Mutations

You have an increased reservoir of magic. (+10% MP)
You have a pair of small horns on your head.
You have sharp toenails.
You are surrounded by a mild repulsion field. (EV +2)


Message History

You feel yourself moving faster!
You feel mighty!
* * * LOW HITPOINT WARNING * * *
You feel sick. The adder completely misses you.
You slash the adder! Your headbutt misses the adder.
The adder is severely wounded.
* * * LOW HITPOINT WARNING * * *
You feel sick. The adder misses you.
You slash the adder!
You kill the adder!
Your Fighting skill increases to level 4!
You have reached level 5!
You slash the frilled lizard!
You kill the frilled lizard!
* * * LOW HITPOINT WARNING * * *
You feel sick.
You slash the ooze!
The ooze is almost dead.
You slash the ooze!
You kill the ooze!
You die...

#.####.#.## ##.#
.......... #.#
#.##.###.## #.........
### #.# #.###...##
#...###### ..####.# #.#
##.## #...# #......#
#.# #.# #...# ..######
#.# #.# ...# #.# #.#
#.# #.# ### #.# #.# #.#
... ..# #.# #. #@# #.#
#.# #.# #.# #)# #.# #.#
#.# ####..# #g#
#.####.## #.#
#......##.# #.##.....
#.# #...w#
######.##.###. #.#
#l...............# #.
#.#
..J##.##########.#.###.
..# =.... #..
)............. #.##.#
#)... #.##
#######.######


You could see a worm and a goblin.

Vanquished Creatures
  A hound (D:4)
  A bullfrog skeleton (D:4)
  A worker ant (D:4)
  4 adders (D:2)
  An ooze (D:2)
  An adder skeleton (D:4)
  A dart slug (D:2)
  4 leopard geckos
  4 giant cockroaches
  A hobgoblin (D:2)
  4 jackals (D:4)
  A quokka (D:4)
  6 bats
  2 frilled lizards
  6 goblins
  5 kobolds
  4 rats
47 creatures vanquished.

Notes
Turn   | Place    | Note
-------+----------+-------------------------------------------
     0 | D:5      | MrRokkomies the Demigod Delver began the quest for the Orb.
     0 | D:5      | Reached XP level 1. HP: 18/18 MP: 3/3
    71 | D:4      | Reached XP level 2. HP: 9/26 MP: 4/4
   300 | D:4      | Got a pair of steaming boots
   306 | D:4      | Identified the +0 pair of boots of Satisfaction {rCorr
                  | Int+3} (You found it on level 4 of the Dungeon)
   320 | D:4      | Found a basalt altar of Yredelemnul.
   347 | D:4      | Reached XP level 3. HP: 25/31 MP: 5/5
   653 | D:4      | Reached XP level 4. HP: 32/38 MP: 6/6
  1028 | D:2      | Found a stormy altar of Qazlal.
  2311 | D:2      | Gained mutation: You are surrounded by a mild repulsion
                  | field. (EV +2) [potion of mutation]
  2311 | D:2      | Gained mutation: You have a pair of small horns on your
                  | head. [potion of mutation]
  2311 | D:2      | Gained mutation: You have sharp toenails. [potion of
                  | mutation]
  2312 | D:2      | HP: 2/40 [adder (1)]
  2315 | D:2      | Reached XP level 5. HP: 1/46 MP: 7/7
  2318 | D:2      | Succumbed to an adder's poison

Illustrated notes

Levels and vault maps discovered:
D:1:      heliophobic_arrival_dark_side_of_the_moon, layout_basic
D:2:      layout_loops_ring, grunt_qazlal_clouds, minmay_hexomino_c4
D:3:      layout_basic, cheibriados_altar_1, uniq_terence
D:4:      layout_layer_cave, lemuel_doored_altar
D:5:      corexii_shantytown, layout_basic, kennysheep_mini

Skill      XL: |  1  2  3  4 |
---------------+-------------+-----
Fighting       | 3 4 |  4.0
Long Blades    | 2 3 |  3.4
Dodging        | 2 |  2.7
Stealth        | |  4.5

Action                   |  1- 3 |  4- 6 || total
-------------------------+-------+-------++-------
Melee: Falchion          |    33 |   139 ||   172
  Use: Potion            |       |     3 ||     3
       Scroll            |       |     1 ||     1
 Stab: Sleeping          |     1 |     9 ||    10
Armor: Leather armour    |     3 |    31 ||    34
Dodge: Dodged            |    30 |   110 ||   140
       Rpst.: Falchion   |    10 |    33 ||    43

Table legend: (Time is in decaauts)
 A = Elapsed time spent in this place.
 B = Non-inter-level travel time spent in this place.
 C = Inter-level travel time spent in this place.
 D = Time resting spent in this place.
 E = Time spent auto-exploring this place.
 F = Levels seen in this place.
 G = Mean time per level.
                   A        B        C        D        E       F      G
               +--------+--------+--------+--------+--------+-----+--------+
         Total |   2342 |   2311 |     31 |    545 |   1299 |   5 |  468.4 |
       Dungeon |   2342 |   2311 |     31 |    545 |   1299 |   5 |  468.4 |
               +--------+--------+--------+--------+--------+-----+--------+

Top non-repeatable levels by time:
     D:1: 932 daAuts
     D:4: 780 daAuts
     D:2: 502 daAuts
     D:3: 87 daAuts
     D:5: 40 daAuts
